Map: 2000 Atmospheres LE

Players

AGOElazer (Elazer) - Winner!

  • Race: Zerg Zerg
  • League: Master

Lambo

  • Race: Zerg Zerg
  • League: Grandmaster

Event: DreamHack SC2 Masters Last Chance 2022

VOD

Have the link to the VOD?

Description

Time

  • Played on: Dec. 17, 2021, 2:51 p.m.
  • Length: 10:59

All games in this series

Show
View Real Time Build Order
Export as new Build Order

AGOElazer Zerg - Winner!

Build Orders: Hatch First 

Get SALT Encoding   

  12  0:00  Drone  
  13  0:12  Overlord  
  13  0:16  Drone  
  14  0:30  Drone x2  
  16  0:47  Hatchery  
  15  0:50  Drone  
  15  0:54  Drone  
  18  0:57  Drone  
  18  1:07  Extractor  
  17  1:12  Spawning Pool  
  17  1:15  Drone  
  17  1:18  Drone  
  18  1:27  Drone  
  19  1:38  Drone  
  20  1:50  Drone  
  21  1:58  Queen  
  21  1:59  Queen  
  21  2:00  Drone  
  21  2:01  Overlord  
  26  2:08  Metabolic Boost  
  26  2:10  Drone x2  
  28  2:21  Drone x2  
  30  2:31  Zergling x2  
  30  2:32  Zergling x2  
  30  2:36  Hatchery  
  31  2:42  Queen  
  33  2:47  Overlord  
  33  2:50  Drone  
  34  2:54  Drone x2  
  36  2:58  Baneling Nest  
  35  3:07  Overlord  
  35  3:08  Drone x2  
  35  3:10  Drone  
  35  3:12  Drone  
  39  3:14  Drone  
  40  3:22  Zergling x6  
  43  3:27  Overlord  
  43  3:30  Zergling x2  
  44  3:35  Evolution Chamber  
  44  3:38  Drone x2  
  44  3:45  Drone  
  44  3:46  Drone x2  
  47  3:49  Drone  
  47  3:50  Lair  
  47  3:52  Drone  
  49  3:58  Drone x2  
  49  3:59  Roach Warren, Extractor  
  49  4:00  Drone  
  49  4:01  Drone  
  51  4:05  Zerg Melee Weapons Level 1  
  51  4:10  Drone  
  51  4:12  Overlord  
  51  4:14  Drone x3  
  51  4:15  Drone  
  56  4:19  Overlord  
  56  4:23  Drone x2  
  58  4:26  Drone x2  
  58  4:27  Drone  
  61  4:32  Drone, Extractor  
  61  4:33  Drone x3  
  64  4:39  Drone x3  
  67  4:46  Overlord  
  67  4:49  Drone, Extractor  
  67  4:52  Drone x3, Spire  
  69  4:56  Drone x4  
  69  4:58  Overlord  
  73  5:07  Overlord  
  72  5:08  Glial Reconstitution  
  72  5:17  Drone x7  
  72  5:19  Extractor x2  
  76  5:27  Zergling x14  
  83  5:34  Hatchery, Overlord  
  82  5:37  Zergling x10  
  82  5:39  Baneling x2  
  87  5:46  Overlord  
  86  5:58  Zergling x2  
  86  5:59  Zergling x8  
  90  6:09  Mutalisk x7  
  100  6:13  Mutalisk  
  100  6:18  Drone  
  102  6:19  Zerg Flyer Weapons Level 1  
  102  6:21  Drone x2  
  102  6:25  Drone  
  105  6:27  Zerg Melee Weapons Level 2  
  105  6:29  Drone  
  106  6:35  Drone x2  
  106  6:39  Mutalisk  
  108  6:41  Hatchery  
  108  6:43  Drone x7  
  108  6:44  Extractor  
  108  6:46  Drone x4  
  119  6:50  Extractor  
  119  6:52  Mutalisk x2  
  122  6:57  Overlord  
  122  7:00  Mutalisk x2  
  126  7:09  Overlord  
  126  7:15  Overlord x2  
  126  7:16  Centrifugal Hooks  
  126  7:23  Mutalisk x3  
  126  7:26  Drone x3  
  135  7:30  Overlord  
  135  7:31  Mutalisk x2  
  139  7:37  Mutalisk  
  139  7:40  Zergling x20  
  139  7:43  Overlord  
  151  7:45  Drone x2  
  151  7:49  Drone x5  
  158  7:53  Overseer  
  158  8:03  Zergling x10  
  163  8:06  Pneumatized Carapace, Overseer  
  163  8:10  Extractor  
  163  8:11  Extractor  
  161  8:12  Baneling  
  161  8:13  Baneling x11  
  161  8:21  Hatchery  
  161  8:22  Zergling x22  
  161  8:26  Baneling  
  161  8:27  Baneling x16  
  167  8:37  Baneling x4  
  167  8:38  Baneling x11  
  167  8:39  Zergling x24  
  177  8:44  Infestation Pit  
  177  8:45  Drone  
  177  8:49  Hydralisk Den  
  168  9:02  Baneling  
  168  9:03  Baneling x18  
  168  9:06  Zergling x20  
  168  9:10  Baneling x8  
  144  9:25  Mutalisk x4  
  144  9:27  Zergling x12  
  144  9:29  Overlord x3  
  144  9:31  Baneling x6  
  154  9:38  Zergling x16  
  154  9:39  Baneling  
  154  9:40  Baneling x8  
  154  9:41  Zergling x2  
  157  9:48  Zergling x4  
  157  9:49  Baneling x10, Queen x2  
  157  9:50  Queen  
  150  9:57  Zergling x8  
  142  10:01  Zergling x22  
  142  10:06  Mutalisk  
  147  10:09  Mutalisk  
  147  10:10  Mutalisk  
  147  10:14  Mutalisk x3  
  139  10:16  Queen x2  
  144  10:22  Mutalisk x2  
  144  10:24  Zergling x6  
  143  10:33  Overseer x2  
  145  10:39  Zergling x2  
Show
View Real Time Build Order
Export as new Build Order

Lambo Zerg 

Build Orders: Hatch First 

Get SALT Encoding   

  12  0:00  Drone  
  13  0:12  Overlord  
  13  0:17  Drone  
  14  0:30  Drone x2  
  16  0:47  Hatchery  
  15  0:51  Drone  
  15  0:54  Drone  
  17  0:57  Drone  
  18  1:08  Extractor  
  17  1:12  Spawning Pool  
  17  1:16  Drone  
  17  1:19  Drone  
  18  1:28  Drone  
  19  1:39  Drone  
  20  1:50  Drone  
  21  2:01  Zergling x2, Queen x2  
  25  2:02  Overlord  
  25  2:07  Metabolic Boost  
  26  2:10  Drone x2  
  28  2:21  Drone  
  28  2:22  Drone  
  30  2:32  Hatchery  
  30  2:34  Drone  
  30  2:38  Drone  
  31  2:44  Drone  
  31  2:46  Overlord  
  32  2:54  Drone, Baneling Nest  
  32  2:58  Queen  
  32  3:00  Zergling x2  
  32  3:04  Drone  
  36  3:08  Drone  
  36  3:10  Drone  
  36  3:11  Drone x2  
  40  3:13  Zergling x2  
  40  3:17  Overlord  
  41  3:20  Drone  
  41  3:26  Drone, Evolution Chamber  
  42  3:28  Zergling x2  
  43  3:38  Baneling  
  43  3:40  Drone x3  
  46  3:44  Overlord  
  46  3:45  Drone x4  
  46  3:46  Drone  
  50  3:48  Drone  
  50  3:50  Drone  
  52  3:55  Zerg Missile Weapons Level 1  
  52  3:57  Drone x2  
  52  4:01  Overlord  
  54  4:05  Zergling x2  
  54  4:06  Extractor  
  54  4:07  Extractor  
  54  4:10  Drone x2  
  54  4:14  Drone x2, Roach Warren  
  54  4:16  Drone  
  56  4:22  Zergling x4  
  58  4:24  Drone, Lair  
  58  4:28  Drone  
  58  4:30  Drone x3  
  63  4:31  Drone x2  
  63  4:38  Overlord  
  65  4:45  Overlord  
  65  4:46  Drone x3, Overlord  
  65  4:50  Drone x3  
  71  4:54  Pneumatized Carapace  
  71  4:58  Drone x6  
  77  5:03  Drone  
  77  5:05  Extractor x2  
  77  5:06  Drone x2  
  78  5:07  Extractor  
  77  5:16  Drone x2  
  77  5:18  Drone  
  80  5:24  Drone x2  
  80  5:27  Drone x2  
  86  5:31  Glial Reconstitution  
  86  5:32  Evolution Chamber, Roach x3  
  86  5:33  Hatchery, Roach, Overlord  
  86  5:35  Roach x2  
  94  5:42  Overlord  
  94  5:43  Overseer  
  94  5:44  Overlord x2  
  94  5:47  Roach x2  
  97  5:53  Roach  
  97  5:54  Roach x2  
  105  5:57  Roach, Overlord  
  105  5:58  Overlord  
  105  6:00  Overlord  
  105  6:01  Overlord  
  105  6:06  Overlord  
  105  6:07  Overlord  
  105  6:08  Overlord  
  105  6:09  Queen x2  
  108  6:12  Zerg Ground Armor Level 1  
  108  6:17  Infestation Pit  
  107  6:19  Queen, Spore Crawler  
  107  6:20  Spore Crawler  
  107  6:22  Drone  
  107  6:24  Drone x3  
  111  6:27  Baneling  
  111  6:31  Roach x4  
  119  6:36  Spore Crawler  
  119  6:39  Drone x2  
  120  6:40  Hydralisk Den, Spore Crawler  
  120  6:41  Zerg Missile Weapons Level 2  
  118  6:48  Spore Crawler  
  118  6:49  Spore Crawler  
  118  6:50  Drone x2  
  118  6:58  Infestor x3  
  118  7:01  Overseer  
  124  7:02  Zergling x4  
  130  7:15  Roach x2  
  130  7:16  Roach x7  
  130  7:18  Overlord  
  130  7:19  Roach x2  
  148  7:23  Tunneling Claws  
  148  7:24  Burrow  
  148  7:29  Hydralisk x4  
  155  7:35  Spore Crawler  
  152  7:38  Hydralisk x2  
  152  7:40  Spore Crawler  
  155  7:49  Hydralisk  
  155  7:50  Hydralisk x4  
  165  7:55  Spore Crawler  
  164  7:59  Hydralisk, Overlord  
  164  8:00  Hydralisk x2  
  164  8:04  Baneling x2  
  170  8:06  Overlord  
  170  8:08  Grooved Spines  
  170  8:09  Hydralisk  
  172  8:15  Roach x2  
  176  8:23  Overlord x2  
  176  8:25  Overlord  
  176  8:36  Hydralisk x8  
  184  8:50  Roach x7  
  184  8:53  Roach x7  
  184  8:59  Drone  
  184  9:00  Drone x3  
  147  9:10  Hydralisk x5  
  147  9:12  Roach  
  145  9:17  Hydralisk  
  145  9:22  Roach  
  145  9:23  Roach  
  137  9:29  Roach x4  
  141  9:33  Roach  
  142  9:39  Roach x2  
  142  9:42  Roach  
  144  9:46  Roach  
  144  9:50  Roach  
  126  10:00  Roach  
  126  10:02  Roach x2  
  116  10:09  Hydralisk x2  
  95  10:14  Hydralisk  
  95  10:16  Roach x3  
  91  10:23  Roach  
  81  10:30  Hydralisk  

Tags
 
Add a new tag
Caveats
  • Supply blocks, unpowered buildings, or Contaminate may cause inaccurate times.
  • Supply counts are checked every 10 seconds.